Map: Void Launch

Players

raincamp

  • Race: Terran Terran
  • Spawn Location: 6:00

raincamp

  • Race: Terran Terran

VOD

Have the link to the VOD?

Description

Time

  • Played on: Jan. 15, 2018, 11:39 a.m.
  • Length: 24:41
Show
View Real Time Build Order
Export as new Build Order

raincamp Terran 

Build Orders:  

Get SALT Encoding   

Show
View Real Time Build Order
Export as new Build Order

raincamp Terran 

Build Orders:  

Get SALT Encoding   

  12  0:05  Starport Tech Lab  
  12  0:08  SCV  
  13  0:25  Supply Depot, SCV  
  15  0:42  SCV  
  16  1:00  SCV  
  16  1:17  SCV  
  18  1:34  SCV  
  18  1:36  Command Center  
  19  1:51  SCV  
  19  2:03  Assault Galleon  
  19  2:08  SCV  
  20  2:25  SCV  
  21  2:30  Refinery  
  22  2:41  Refinery  
  22  2:42  SCV  
  22  2:43  Engineering Bay  
  22  2:59  SCV  
  23  3:06  Reaper  
  24  3:16  SCV  
  26  3:20  Reaper  
  26  3:23  SCV  
  28  3:30  Reaper  
  28  3:33  SCV  
  30  3:40  Reaper, SCV  
  30  3:47  Assault Galleon  
  31  4:05  SCV  
  33  4:22  Command Center, SCV  
  33  4:29  Jetpack Overdrive  
  33  4:35  SCV  
  33  4:39  SCV  
  36  4:52  SCV  
  36  4:56  SCV, Assault Galleon  
  37  5:09  SCV  
  38  5:11  Armory  
  38  5:28  SCV x2  
  40  5:32  LE9 Cluster Charges  
  40  5:43  Refinery x2  
  40  5:45  SCV x2  
  42  5:51  Assault Galleon  
  42  5:54  Assault Galleon  
  44  6:02  SCV x2  
  46  6:24  SCV x2  
  46  6:25  Multi-Threaded Sensors  
  46  6:45  Supply Depot  
  46  6:46  Supply Depot  
  46  7:15  Reaper x5  
  46  7:18  Horner Weapons Level 1  
  53  7:20  SCV x2  
  53  7:23  Theia Raven x2  
  53  7:25  Reaper x5  
  62  7:37  SCV x2  
  63  8:18  SCV  
  64  8:35  SCV  
  64  8:39  Reaper x3  
  68  8:40  Reaper x2  
  68  8:49  Reaper x3, Supply Depot x2  
  74  8:50  Reaper x2, Supply Depot, Tactical Jump  
  74  8:52  SCV  
  74  8:58  Reaper  
  74  8:59  Reaper  
  78  9:04  Reaper  
  78  9:05  Reaper  
  78  9:08  Reaper  
  78  9:11  Reaper  
  78  9:19  Reaper x4  
  82  9:21  Reaper  
  82  9:29  Reaper  
  84  9:40  Reaper  
  84  9:41  Reaper x4  
  88  9:50  Reaper  
  88  9:51  Reaper  
  88  9:53  Trigger Override  
  88  9:57  Supply Depot x2  
  90  10:14  Horner Weapons Level 2  
  87  10:27  Reaper  
  87  10:31  Asteria Wraith  
  90  10:52  Reaper  
  90  10:53  Reaper x2  
  90  10:55  Unregistered Cloak System  
  90  10:56  Asteria Wraith  
  92  11:23  Reaper  
  92  11:24  Reaper x4  
  97  11:33  Reaper  
  97  11:34  Reaper x4  
  102  11:43  Reaper  
  102  11:44  Reaper x4  
  107  11:53  Reaper  
  107  11:54  Reaper  
  106  12:05  Reaper x2  
  106  12:06  Reaper x3  
  107  12:15  Reaper x2, SCV  
  107  12:16  Reaper x3  
  107  12:25  Reaper x2  
  107  12:26  Reaper  
  108  12:32  Reaper, SCV  
  108  12:33  Reaper  
  108  12:35  Reaper x2  
  108  12:36  Reaper  
  106  12:42  Reaper  
  106  12:43  Reaper  
  106  12:45  Reaper  
  106  12:49  SCV  
  107  12:53  Reaper x4  
  107  12:55  Reaper  
  109  13:03  Reaper x2  
  109  13:04  Fusion Core  
  106  13:25  Command Center  
  106  13:29  Reaper x5, Refinery  
  108  13:36  Horner Weapons Level 3  
  108  13:39  Reaper x3  
  105  14:17  Reaper  
  105  14:18  Reaper x4  
  110  14:26  Supply Depot  
  110  14:27  Reaper  
  110  14:28  Reaper x4  
  115  14:37  Reaper  
  115  14:38  Reaper x4  
  118  14:47  Reaper  
  118  14:48  Reaper x4  
  123  14:57  Reaper  
  123  14:58  Reaper  
  125  15:03  Asteria Wraith  
  129  15:13  Reaper  
  129  15:14  Reaper x3  
  131  15:24  Supply Depot  
  131  15:29  SCV  
  123  15:30  SCV x2  
  123  15:32  Refinery  
  121  15:46  SCV  
  121  15:47  SCV x2  
  124  16:03  SCV  
  124  16:04  SCV  
  121  16:14  Theia Raven  
  123  16:45  Reaper  
  123  16:46  Reaper x4  
  127  16:52  SCV  
  127  16:53  SCV x2  
  127  16:55  Reaper x2  
  127  16:56  Reaper x3  
  127  16:57  Horner Armor Level 1  
  130  17:05  Reaper x2  
  130  17:06  Reaper x2  
  130  17:09  SCV  
  135  17:10  SCV x2  
  135  17:18  Reaper  
  135  17:19  Reaper x4  
  140  17:26  SCV  
  140  17:27  SCV x2  
  140  17:28  Reaper  
  140  17:29  Reaper x3  
  147  17:32  Reaper  
  147  17:34  Engineering Bay  
  147  17:38  Reaper  
  147  17:39  Reaper x3  
  154  17:42  Reaper  
  154  17:43  SCV  
  154  17:44  SCV x2  
  154  17:48  Reaper  
  154  17:49  Reaper x2  
  152  17:52  Reaper  
  139  18:00  SCV  
  139  18:01  SCV x2  
  139  18:02  Reaper  
  139  18:03  Reaper x4  
  140  18:12  Reaper  
  140  18:13  Reaper x3  
  140  18:17  SCV x2, Sovereign Battlecruiser  
  140  18:18  SCV  
  154  18:34  SCV x3  
  157  19:00  SCV  
  157  19:01  SCV x2  
  157  19:07  Missile Turret x2  
  157  19:08  Missile Turret  
  157  19:10  Missile Turret  
  157  19:13  Missile Turret x2  
  157  19:16  Missile Turret  
  157  19:18  SCV x2  
  152  19:22  SCV  
  122  19:35  SCV x2  
  122  19:39  SCV, Missile Turret  
  125  19:41  Assault Galleon, Missile Turret  
  125  19:42  Missile Turret x2  
  125  19:44  Missile Turret  
  125  19:49  Missile Turret  
  127  19:52  SCV x2  
  127  19:56  SCV  
  128  20:09  SCV x2  
  131  20:12  SCV  
  131  20:23  Missile Turret  
  131  20:25  SCV  
  131  20:26  SCV, Missile Turret  
  131  20:27  Missile Turret  
  131  20:28  Missile Turret  
  133  20:32  Reaper, Missile Turret x2  
  133  20:33  Reaper x2  
  133  20:34  Reaper  
  137  20:41  Asteria Wraith  
  137  20:42  Reaper  
  137  20:43  Reaper x2  
  137  20:44  Reaper  
  145  20:57  Missile Turret  
  145  20:58  Missile Turret x2  
  145  20:59  Missile Turret x2  
  144  21:05  Sovereign Battlecruiser  
  150  21:20  Missile Turret  
  150  21:21  Missile Turret  
  150  21:22  Missile Turret  
  150  21:38  Missile Turret  
  150  21:40  Missile Turret  
  150  21:41  Missile Turret  
  150  21:43  Missile Turret  
  150  21:53  Missile Turret  
  150  21:54  Missile Turret  
  150  21:57  Missile Turret x2  
  150  22:01  Missile Turret  
  149  22:20  Sovereign Battlecruiser  
  154  22:31  Missile Turret  
  154  22:33  Reaper  
  154  22:34  Reaper  
  154  22:37  Missile Turret  
  154  22:49  Reaper  
  154  22:50  Reaper x4  
  154  22:59  Reaper  
  157  23:00  Reaper x4  
  157  23:02  Missile Turret x2  
  157  23:05  Missile Turret  
  157  23:09  Reaper  
  161  23:10  Reaper x4  
  161  23:12  Missile Turret  
  161  23:13  Dominion Starport  
  161  23:15  Missile Turret x2  
  161  23:19  Reaper  
Tags
 
Commander
HornerRaynor
Matchup
Co-op
Replay Pack
Co-op Speedrun
Add a new tag
Caveats
  • Supply blocks, unpowered buildings, or Contaminate may cause inaccurate times.
  • Supply counts are checked every 10 seconds.